 Dungeon Crawl Stone Soup version 0.31-a0-868-g674d60d6f7 (webtiles) character file.

Game seed: 3186315302073532907

42 kae the Vexing (level 3, -2/24 HPs)
             Began as a Demonspawn Enchanter on Oct 11, 2023.
             Slain by a hobgoblin (5 damage)
             ... on level 2 of the Dungeon.
             The game lasted 00:01:19 (902 turns).

kae the Vexing (Demonspawn Enchanter)                Turns: 902, Time: 00:01:20

Health: -2/24      AC:  2    Str:  8    XL:     3   Next: 33%
Magic:  2/6        EV: 12    Int: 16    God:
Gold:   40         SH:  4    Dex: 15    Spells: 4/6 levels left

rFire   . . .        a - +2 dagger
rCold   . . .        (no shield)
rNeg    . . .        b - +0 robe
rPois   .            (no helmet)
rElec   .            (no cloak)
rCorr   .            (no gloves)
SInv    .            (no boots)
Will    .....        A - amulet of the acrobat
Stlth   ++           (no ring)
HPRegen 0.24/turn    (no ring)
MPRegen 0.10/turn

%: acrobat
@: no status effects
A: foul stench 1, condensation shield
a: no special abilities


You were on level 2 of the Dungeon.
You visited 1 branch of the dungeon, and saw 2 of its levels.

You collected 40 gold pieces.


Innate Abilities, Weirdness & Mutations

You may rarely emit foul miasma when damaged in melee.
A meltable shield of frost defends you. (SH +4)


   Skills:
 * Level 1.7 Short Blades
 + Level 2.1 Dodging
 + Level 2.9 Stealth
 + Level 2.2 Spellcasting
 * Level 3.4 Hexes


You had 4 spell levels left.
You knew the following spells:

 Your Spells              Type           Power      Damage    Failure   Level
a - Ensorcelled Hibernat  Hex/Ice        14%        N/A       16%         2

Your spell library contained the following spells:

 Spells                   Type           Power      Damage    Failure   Level
 Confusing Touch          Hex            12%        N/A       16%         3
 Tukima's Dance           Hex            12%        N/A       16%         3
 Necrotise                Necr           4%         1d4       21%         1
 Dazzling Flash           Conj/Hex       14%        N/A       30%         3
 Vampiric Draining        Necr           1%         2d6       52%         3
 Agony                    Necr           1%         N/A       99%         5

Inventory:

Hand Weapons
 a - a +2 dagger (weapon)
Missiles
 f - 9 stones
 g - 3 curare-tipped darts {=f}
 j - 5 atropa-tipped darts
Armour
 b - a +0 robe (worn)
Jewellery
 v - a ring of see invisible
   (You found it on level 1 of the Dungeon)
 A - an amulet of the acrobat (around neck)
   (You found it on level 1 of the Dungeon)
Potions
 c - 2 potions of invisibility
 i - a potion of enlightenment {unknown}
 l - a potion of might {unknown}
 m - a potion of lignification {!q}
 n - a potion of degeneration {unknown}
 o - a potion of resistance {unknown}

Dungeon Overview and Level Annotations

Branches:
Dungeon (2/15) Zot: 11104

Altars:

#. ....#
###.#....#
...#....###
#..#......
#..#....#
#..#....#
#.......#
#.†#...# .#
#....@g#.$?#
##....Bbb..#
##..#####.#
##........
##...##..
##.# ..# ...
.#.


You could see a giant cockroach, a hobgoblin and 2 bats.


Message History

Done exploring.
Done exploring.
Done exploring.
You see here a +0 club.
There is a stone staircase leading down here.
You climb downwards.
There is a stone staircase leading up here.
As you read the scroll labelled AFOC KUGOM OGH, it dissolves into smoke.
It was a scroll of fog.
Unknown command.
As you read the scroll labelled GUUNIDORCHYE, it crumbles to dust.
It is a scroll of identify.
m - a potion of lignification
As you read the scroll labelled MAKAKK WUANOLE, it crumbles to dust.
You feel strangely unstable.
It was a scroll of teleportation.
As you read the scroll labelled PINUISSYKK, it crumbles to dust.
It is a scroll of enchant weapon.
Your +1 dagger glows red for a moment.
Unknown command.
Your surroundings suddenly seem different. 2 ball pythons come into view.
There are monsters nearby!
Unknown command.
There are monsters nearby!
A ball python comes into view.
The ball python hisses angrily.
You hear a shout!
An adder comes into view.
The adder hisses angrily.
The helpless ball python fails to defend itself.
You impale the ball python!!
You kill the ball python!
A hobgoblin comes into view. It is wielding a +0 sling.
You closely miss the ball python. The ball python bites you.
The ball python barely misses you. 😕 HP[-1]
You take 1 damage, and now have 23/24 hp.
You closely miss the ball python. The ball python bites you.
The ball python grabs you. The ball python constricts you.
You hit the ball python.
You kill the ball python!
The hobgoblin shoots a sling bullet.
The sling bullet hits you!
* * * LOW HITPOINT WARNING * * *
😨 HP[-11]
You take 11 damage, and now have 12/24 hp.
MASSIVE DAMAGE!! (PAUSE)
Casting: Ensorcelled Hibernation (safe; 16% risk of failure)
Confirm with . or Enter, or press ? or * to list all spells.
Aiming: Ensorcelled Hibernation (safe; 16% risk of failure)
Press: ? - help, Shift-Dir - straight line, f - adder
Aim: an adder (chance to affect: 50%)
You miscast Ensorcelled Hibernation.
You are very lightly contaminated with residual magic.
Nothing appears to happen.
The adder bites you.
* * * LOW HITPOINT WARNING * * *
😨 HP[-2] MP[-2]
You take 2 damage, and now have 10/24 hp.
You lost 2 mp, and now have 4/6 mp.
Casting: Ensorcelled Hibernation (safe; 16% risk of failure)
Confirm with . or Enter, or press ? or * to list all spells.
Aiming: Ensorcelled Hibernation (safe; 16% risk of failure)
Press: ? - help, Shift-Dir - straight line, f/p - adder
Aim: an adder (chance to affect: 50%)
The adder looks drowsy...
The hobgoblin shoots a sling bullet.
The sling bullet hits you.
* * * LOW HITPOINT WARNING * * *
😨 HP[-1] MP[-2]
You take 1 damage, and now have 9/24 hp.
You lost 2 mp, and now have 2/6 mp.
Unknown command.
The helpless adder fails to defend itself.
You puncture the adder!
You kill the adder!
A giant cockroach comes into view.
The hobgoblin shoots a sling bullet.
The sling bullet completely misses you.
A bat comes into view. x2
The hobgoblin unwields a +0 sling.
The hobgoblin hits you.
* * * LOW HITPOINT WARNING * * *
You block the giant cockroach's attack. 😱 HP[-4]
You take 4 damage, and now have 5/24 hp.
You closely miss the hobgoblin.
The giant cockroach bites you but does no damage.
The hobgoblin barely misses you. 😱 HP[+1] Unknown command.
You hit the hobgoblin. The giant cockroach barely misses you.
You block the hobgoblin's attack.
Okay, then.
You barely miss the hobgoblin. The giant cockroach barely misses you.
The hobgoblin hits you.
* * * LOW HITPOINT WARNING * * *
Your magical contamination has completely faded away. 😱 HP[-3]
You take 3 damage, and now have 3/24 hp.
You barely miss the hobgoblin.
The giant cockroach completely misses you.
The hobgoblin hits you.
You die...

Skill      XL: |  1  2 |
---------------+-------+-----
Short Blades   | 1 |  1.7
Dodging        | 2 |  2.1
Stealth        | |  2.9
Spellcasting   | |  2.2
Hexes          | |  3.4

Action                     || total
---------------------------++-------
  Melee: Dagger            ||   100
         Punch             ||     1
   Cast: Ensorcelled Hiber ||     3
    Use: Scroll            ||     4
   Stab: Sleeping          ||     7
 Armour: Robe              ||    41
  Dodge: Dodged            ||    52
  Block: Other             ||    10

Levels and vault maps discovered:
D:1:      dpeg_arrival_court, layout_rooms, kennysheep_small_spiral
D:2:      layout_basic, serial_shops, shop, minmay_pentomino_o4

Notes
Turn   | Place    | Note
-------+----------+-------------------------------------------
     0 | D:1      | kae the Demonspawn Enchanter began the quest for the Orb.
     0 | D:1      | Reached XP level 1. HP: 13/13 MP: 3/3
     0 | D:1      | magus.rc [v1.11.3]
    33 | D:1      | Reached skill level 1 in Short Blades
   170 | D:1      | Gained mutation: A meltable shield of frost defends you.
                  | (SH +4) [demonic ancestry]
   170 | D:1      | Reached XP level 2. HP: 10/19 MP: 5/5
   433 | D:1      | Reached skill level 2 in Dodging
   502 | D:1      | Learned a level 2 spell: Ensorcelled Hibernation
   539 | D:1      | Gained mutation: You may rarely emit foul miasma when
                  | damaged in melee. [demonic ancestry]
   539 | D:1      | Reached XP level 3. HP: 11/24 MP: 1/6
   669 | D:1      | You pick up a book of Necromancy and begin reading...
   669 | D:1      | You add the spells Necrotise, Vampiric Draining and Agony
                  | to your library.
   898 | D:2      | HP: 5/24 [hobgoblin (4)]
   902 | D:2      | Slain by a hobgoblin

Vanquished Creatures
  An adder (D:2)
  2 dart slugs (D:1)
  3 bats (D:1)
  2 endoplasms (D:1)
  3 giant cockroaches (D:1)
  2 goblins (D:1)
  2 hobgoblins (D:1)
  2 kobolds (D:1)
  A quokka (D:1)
  6 ball pythons
  3 frilled lizards (D:1)
  2 rats (D:1)
29 creatures vanquished.

Table legend:
 A = Non-vault XP
 B = Vault XP
 C = Vault XP percentage of total XP
 D = Non-vault monster count
 E = Vault monster count
 F = Vault count percentage of total count
                 A         B        C        D         E       F
            +---------+---------+-------+---------+---------+-------
      Total |      59 |       1 |   1.7 |      28 |       1 |   3.4
            +---------+---------+-------+---------+---------+-------
        D:1 |      44 |       0 |   0.0 |      26 |       0 |   0.0
        D:2 |      15 |       1 |   6.2 |       2 |       1 |  33.3
            +---------+---------+-------+---------+---------+-------

Skill      XL: |  1  2 |
---------------+-------+-----
Short Blades   | 1 |  1.7
Dodging        | 2 |  2.1
Stealth        | |  2.9
Spellcasting   | |  2.2
Hexes          | |  3.4

Action                     || total
---------------------------++-------
  Melee: Dagger            ||   100
         Punch             ||     1
   Cast: Ensorcelled Hiber ||     3
    Use: Scroll            ||     4
   Stab: Sleeping          ||     7
 Armour: Robe              ||    41
  Dodge: Dodged            ||    52
  Block: Other             ||    10

Illustrated notes

Table legend:
 A = Kills in this place as a percentage of kills in the entire game.
 B = Kills by you in this place as a percentage of kills by you in the entire game.
 C = Kills by friends in this place as a percentage of kills by friends in the entire game.
 D = Other kills in this place as a percentage of other kills in the entire game.
 E = Experience gained in this place as a percentage of experience gained in the entire game.
 F = Experience gained in this place divided by the number of levels of this place that you have seen.
                   A       B       C       D       E      F
               +-------+-------+-------+-------+-------+----------------------
         Total | 100.0 | 100.0 |   N/A |   N/A | 100.0 |  30.0
       Dungeon | 100.0 | 100.0 |   N/A |   N/A | 100.0 |  30.0
               +-------+-------+-------+-------+-------+----------------------

Table legend: (Time is in decaauts)
 A = Elapsed time spent in this place.
 B = Non-inter-level travel time spent in this place.
 C = Inter-level travel time spent in this place.
 D = Time resting spent in this place.
 E = Time spent auto-exploring this place.
 F = Levels seen in this place.
 G = Mean time per level.
                   A        B        C        D        E       F      G
               +--------+--------+--------+--------+--------+-----+--------+
         Total |    895 |    849 |     46 |     57 |    569 |   2 |  447.5 |
       Dungeon |    895 |    849 |     46 |     57 |    569 |   2 |  447.5 |
               +--------+--------+--------+--------+--------+-----+--------+

Top non-repeatable levels by time:
     D:1: 872 daAuts
     D:2: 22 daAuts
